 Dungeon Crawl Stone Soup version 0.19.1 (webtiles) character file.

2431 Gargoyl the Covered (level 9, -1/75 HPs)
             Began as a Ghoul Abyssal Knight on Dec 17, 2016.
             Was a Believer of Lugonu.
             Slain by Edmund
             ... wielding a +4 dire flail of protection
              (16 damage)
             ... on level 6 of the Dungeon.
             The game lasted 00:14:04 (5950 turns).

Gargoyl the Covered (Ghoul Abyssal Knight)          Turns: 5950, Time: 00:14:04

Health: -1/75      AC: 15    Str: 20    XL:     9   Next: 48%
Magic:  12/12      EV:  9    Int:  7    God:    Lugonu [**....]
Gold:   205        SH:  0    Dex: 10    Spells: 0 memorised, 8 levels left

rFire  . . .     SeeInvis .     a - +2 hand axe
rCold  + . .     Gourm    .     r - +0 chain mail
rNeg   + + +     Faith    .     (no shield)
rPois  ∞         Spirit   .     j - +2 hat
rElec  .         Reflect  .     e - +2 cloak
rCorr  .         Harm     .     (no gloves)
MR     .....                    (no boots)
Stlth  ..........               (no amulet)
                                i - +1 ring of evasion
                                o - +3 ring of strength

@: rotting
A: rotting body, claws 1, carnivore 3, cold resistance 1, negative energy
resistance 3, slow regeneration 1, torment resistance, unbreathing
a: Depart the Abyss, Bend Space, Renounce Religion


You were on level 6 of the Dungeon.
You worshipped Lugonu.
Lugonu was pleased with you.
You were not hungry.

You visited 1 branch of the dungeon, and saw 6 of its levels.
You visited the Abyss 1 time.

You collected 205 gold pieces.

Inventory:

Hand Weapons
 a - a +2 hand axe (weapon)
Missiles
 w - 4 javelins (quivered)
Armour
 e - a +2 cloak (worn)
 f - a +2 hat
 j - a +2 hat (worn)
 r - a +0 chain mail (worn)
Jewellery
 i - a +1 ring of evasion (right claw)
 o - a +3 ring of strength (left claw)
Wands
 d - a wand of polymorph (10/24)
 g - a wand of digging (13/24)
 h - a wand of flame (17/48)
 p - a wand of acid (8/15)
 q - a wand of confusion (21/48)
 x - a wand of digging (10/24)
 y - a wand of slowing (26/48)
Scrolls
 b - 4 scrolls of remove curse
 k - a scroll of enchant armour
 l - 2 scrolls of fog
 m - 3 scrolls of blinking
 u - 2 scrolls of identify
 B - a scroll of amnesia {unknown}
 C - a scroll of fear {unknown}
Potions
 t - a potion of mutation {unknown}
 z - a potion of beneficial mutation
 A - a potion of agility
Books
 s - a book of Minor Magic

   Spells                             Type                      Level
   a - Magic Dart                     Conjuration                  1
   b - Blink                          Translocation                2
   c - Call Imp                       Summoning                    2
   d - Repel Missiles                 Charms/Air                   2
   e - Slow                           Hexes                        2
   f - Conjure Flame                  Conjuration/Fire             3
   g - Mephitic Cloud                 Conjuration/Poison/Air       3
Comestibles
 c - 2 meat rations
 n - a slice of pizza
 v - a beef jerky
 D - 11 chunks of flesh


   Skills:
 + Level 5.7 Fighting
 + Level 6.4 Axes
 + Level 0.5 Throwing
 * Level 7.2 Armour
 + Level 2.6 Dodging
 * Level 5.5 Invocations


You had 8 spell levels left.
You didn't know any spells.

Dungeon Overview and Level Annotations

Branches:
Dungeon (6/15)
 Temple: D:4-7

Altars:
Cheibriados
Gozag
Hepliaklqana
Kikubaaqudgha
Makhleb
Ru
Sif Muna
Vehumet
Xom
Zin
The Shining One

Annotations:
D:4 Blork the orc
D:6 Edmund


Innate Abilities, Weirdness & Mutations

Your body is rotting away.
You thrive on raw meat.
You are immune to poison.
You have sharp fingernails.
You are carnivorous and can eat meat at any time.
Your flesh is cold resistant. (rC+)
You are immune to negative energy. (rN+++)
You regenerate slowly when monsters are visible.
You are immune to unholy pain and torment.
You can survive without breathing.


Message History

You slash Edmund!
Edmund is heavily wounded.
Edmund hits you with a dire flail of protection!
You hit Edmund.
Edmund is severely wounded.
You closely miss Edmund.
Edmund is severely wounded.
Edmund hits you but does no damage.
You barely miss Edmund.
Edmund is severely wounded.
Edmund hits you with a dire flail of protection.
* * * LOW HITPOINT WARNING * * *
You hit Edmund but do no damage.
Edmund is severely wounded.
Edmund hits you with a dire flail of protection!
* * * LOW HITPOINT WARNING * * *
You hit Edmund.
Edmund is severely wounded.
Edmund hits you with a dire flail of protection!
You die...

## .# .# .#
## .#
##.##).###.#
#........@?#
#...#.# #@.#
##.....###..#
...........#
.....###.##
#.#.#.###.#
#.........#
#####.#####
+# #.# .###
#.#


You could see Edmund.

Vanquished Creatures
  Pikel (D:3)
  The ghost of monokles the Merchant of Misery, a novice DsNe of Kikubaaqudgha (D:6)
  Prince Ribbit (D:4)
  2 phantoms
  A black bear (D:4)
  2 necrophages
  2 centaurs (D:5)
  The ghost of melvik the Magician, an amateur DEWz (D:3)
  2 scorpions
  3 howler monkeys
  A crimson imp (D:2)
  A bullfrog zombie (D:6)
  A hound (D:5)
  A jelly (D:5)
  4 orc wizards
  Ijyb (D:2)
  3 worker ants
  2 hound skeletons (D:6)
  A worker ant zombie (D:5)
  6 adders
  An ooze (D:2)
  3 worms
  2 dart slugs
  3 leopard geckos
  11 orcs
  5 giant cockroaches
  9 goblins
  7 hobgoblins
  4 kobolds
  2 quokkas
  2 ball pythons
  7 bats
  6 frilled lizards
  A leopard gecko zombie (D:6)
  A quokka skeleton (D:4)
  3 rats
104 creatures vanquished.

Vanquished Creatures (others)
  Sigmund (D:4)
1 creature vanquished.

Grand Total: 105 creatures vanquished

Notes
Turn   | Place    | Note
-------+----------+-------------------------------------------
     0 | Abyss:1  | Gargoyl the Ghoul Abyssal Knight began the quest for the Orb.
     0 | Abyss:1  | Reached XP level 1. HP: 19/19 MP: 1/1
    74 | Abyss:1  | Noticed a glowing orange brain
    91 | D:1      | Escaped the Abyss
   354 | D:1      | Reached XP level 2. HP: 26/26 MP: 2/2
   369 | D:1      | Reached * piety under Lugonu
   428 | D:1      | Reached skill level 1 in Dodging
   564 | D:1      | Reached skill level 2 in Armour
   814 | D:2      | Found a burning altar of Makhleb.
   852 | D:2      | Found a faded altar of an unknown god.
   852 | D:2      | Found a faded altar of an unknown god.
   858 | D:2      | Found a faded altar of an unknown god.
   860 | D:2      | Found a faded altar of an unknown god.
   861 | D:2      | Found a radiant altar of Vehumet.
   929 | D:2      | Reached XP level 3. HP: 29/31 MP: 3/3
  1272 | D:2      | Noticed Ijyb
  1302 | D:2      | Killed Ijyb
  1302 | D:2      | Reached XP level 4. HP: 38/40 MP: 4/4
  1461 | D:2      | Reached XP level 5. HP: 43/46 MP: 4/6
  1491 | D:2      | Found a glowing golden altar of the Shining One.
  1491 | D:2      | Found a glowing silver altar of Zin.
  1494 | D:2      | Found an ancient bone altar of Kikubaaqudgha.
  1561 | D:3      | Noticed melvik's ghost (amateur DEWz)
  1581 | D:3      | Killed melvik's ghost
  1649 | D:3      | Found a shimmering altar of Xom.
  1733 | D:3      | Reached ** piety under Lugonu
  1815 | D:3      | Found a hazy altar of Hepliaklqana.
  1966 | D:3      | Reached skill level 3 in Armour
  2090 | D:3      | Found a snail-covered altar of Cheibriados.
  2365 | D:4      | Reached XP level 6. HP: 51/52 MP: 7/7
  2415 | D:4      | Noticed Pikel
  2420 | D:4      | Noticed a slave
  2421 | D:4      | Noticed a slave
  2421 | D:4      | Noticed a slave
  2422 | D:4      | Noticed a slave
  2616 | D:3      | Killed Pikel
  2616 | D:3      | Reached skill level 4 in Armour
  2616 | D:3      | Reached XP level 7. HP: 24/60 MP: 8/8
  2756 | D:4      | Got a glittering granite ring
  2786 | D:4      | Identified the ring of Xano {rN+ MR+ Int+5 Dex-3} (You found it on level 4 of the Dungeon)
  2929 | D:4      | Noticed Sigmund
  3164 | D:4      | Reached skill level 5 in Axes
  3164 | D:4      | Reached XP level 8. HP: 43/65 MP: 8/10
  3433 | D:4      | Reached skill level 5 in Armour
  3442 | D:4      | Found a deep blue altar of Sif Muna.
  3539 | D:4      | Noticed Blork the orc
  3563 | D:4      | Killed Sigmund
  3711 | D:4      | Found a deep blue altar of Sif Muna.
  3783 | D:5      | Entered Level 5 of the Dungeon
  3809 | D:5      | Reached skill level 5 in Fighting
  3851 | D:5      | Found an opulent altar of Gozag.
  3895 | D:5      | Reached skill level 6 in Armour
  4176 | D:5      | Noticed Prince Ribbit
  4232 | D:4      | Killed Prince Ribbit
  4529 | D:5      | Reached XP level 9. HP: 36/74 MP: 11/11
  4529 | D:5      | Reached skill level 5 in Invocations
  4657 | D:5      | Found a sacrificial altar of Ru.
  5517 | D:6      | Noticed monokles's ghost (novice DsNe)
  5560 | D:6      | Killed monokles's ghost
  5560 | D:6      | Reached skill level 7 in Armour
  5929 | D:6      | Noticed Edmund
  5950 | D:6      | Slain by Edmund

Skill      XL: |  1  2  3  4  5  6  7  8  9 |
---------------+----------------------------+-----
Axes           | 2 3 4 5 6 |  6.4
Dodging        | 1 2 |  2.6
Armour         | 2 3 4 6 7 |  7.2
Fighting       | 4 5 |  5.7
Invocations    | 3 4 5 |  5.5
Throwing       | |  0.5

Action                   |  1- 3 |  4- 6 |  7- 9 || total
-------------------------+-------+-------+-------++-------
Melee: Hand axe          |   115 |   129 |   418 ||   662
Throw: Javelin           |       |     4 |       ||     4
Invok: Depart the Abyss  |     1 |       |       ||     1
       Bend Space        |       |     1 |       ||     1
  Use: Scroll            |     2 |     8 |     4 ||    14
       Potion            |       |     4 |     5 ||     9
  Eat: Chunk             |     5 |    11 |    28 ||    44
Armor: Leather armour    |     9 |       |       ||     9
       Scale mail        |    59 |    12 |       ||    71
       Chain mail        |       |    94 |   259 ||   353
Dodge: Dodged            |    82 |    47 |   157 ||   286
